 Dungeon Crawl Stone Soup version 0.27-a0-343-gfcad680f63 (webtiles) character file.

Game seed: 16917567993482055070

26744 ismpop the Fighter (level 13, -3/99 (117) HPs)
             Began as a Minotaur Berserker on Feb 14, 2021.
             Was a Believer of Trog.
             Slain by TarVian's ghost (17 damage)
             ... on level 10 of the Dungeon.
             The game lasted 01:13:36 (17657 turns).

ismpop the Fighter (Minotaur Berserker)            Turns: 17657, Time: 01:13:36

HP:   -3/99 (117)   AC: 22    Str: 30    XL:     13   Next: 0%
MP:   6/7           EV: 12    Int: 10    God:    Trog [**....]
Gold: 34            SH: 10    Dex: 12    Spells: 12/12 levels left

rFire    + + .     SeeInvis .   z - +2 war axe of Circularity {antimagic, Str+3 Int+2}
rCold    . . .     Faith    .   d - +3 buckler
rNeg     + . .     Spirit   .   r - +2 plate armour
rPois    .         Reflect  .   w - +2 hat {Will+}
rElec    .         Harm     .   q - scarf {repulsion}
rCorr    .         Rampage  .   (no gloves)
Will     ++...                  o - +2 pair of boots
Stlth    ..........             f - amulet of regeneration
HPRegen  1.26/turn              p - ring of Zyun {+Inv rF+ rN+ Int+4}
MPRegen  0.10/turn              D - ring of the Country {+Blink rF+ MP+9 Slay+4}

@: silence, very slightly contaminated, heavily drained, invisible (expiring),
repel missiles
A: retaliatory headbutt, horns 2, agile 1, strong-willed 1
a: Renounce Religion, Evoke Blink, Evoke Invisibility


You were on level 10 of the Dungeon.
You worshipped Trog.
Trog was pleased with you.
You visited 2 branches of the dungeon, and saw 12 of its levels.
You also visited: Sewer and Bailey.

You collected 1352 gold pieces.
You spent 1318 gold pieces at shops.

Inventory:

Hand Weapons
 z - the +2 war axe of Circularity (weapon) {antimagic, Str+3 Int+2}
   (You found it on level 9 of the Dungeon)

   It reduces the magical energy of the wielder, and disrupts the spells and
   magical abilities of those hit.
   Natural abilities and divine invocations are not affected.
   It affects your strength (+3).
   It affects your intelligence (+2).
Missiles
 t - 2 boomerangs of dispersal
 y - 19 javelins
Armour
 d - a +3 buckler (worn)
 o - a +2 pair of boots (worn)
 q - a scarf of repulsion (worn)
 r - a +2 plate armour (worn)
 w - a +2 hat of willpower (worn)
Jewellery
 b - a ring of positive energy
 f - an amulet of regeneration (around neck)
 k - a ring of resist corrosion
 p - the ring of Zyun (left hand) {+Inv rF+ rN+ Int+4}
   (You bought it in a shop on level 2 of the Orcish Mines)

   [ring of positive energy]

   It affects your intelligence (+4).
   It protects you from fire.
   It protects you from negative energy.
   It lets you turn invisible.
 D - the ring of the Country (right hand) {+Blink rF+ MP+9 Slay+4}
   (You found it in a bailey)

   [ring of slaying]

   It affects your accuracy and damage with ranged weapons and melee attacks
   (+4).
   It protects you from fire.
   It affects your magic capacity (+9).
   It lets you blink.
Wands
 a - a wand of polymorph (10)
Scrolls
 B - a scroll of magic mapping
Potions
 c - 5 potions of brilliance
 j - 5 potions of curing
 s - a potion of lignification
 u - 4 potions of ambrosia
 v - a potion of magic


   Skills:
 * Level 11.9 Fighting
 * Level 7.2(9.5) Axes
 - Level 9.6(10.6) Maces & Flails
 + Level 3.6 Throwing
 * Level 11.5 Armour
 * Level 10.0 Dodging
 * Level 11.4 Shields
 + Level 5.0 Evocations


You had 12 spell levels left.
You didn't know any spells.
Your spell library was empty.

Dungeon Overview and Level Annotations

Branches:
Dungeon (11/15)            Temple (0/1) D:6            Lair (0/6) D:8
    Orc (2/2) D:10            Elf (0/3) Orc:2         Sewer (visited)
 Bailey (visited)

Altars:
Ashenzari
Cheibriados
Dithmenos
Gozag
Hepliaklqana
Nemelex Xobeh
Okawaru
Ru
Wu Jian
Beogh

Shops:
D:10 *   Orc:2 *==*

Annotations:
D:4 Robin
D:10 TarVian's ghost, journeyman MiFi
Orc:1 Rumoabbe's ghost, journeyman DEIE
Orc:2 Ciata's ghost, journeyman MiBe; Xocaf's ghost, journeyman TeBe


Innate Abilities, Weirdness & Mutations

You reflexively headbutt those who attack you in melee.
You have a pair of horns on your head.
You are agile. (Dex +2)
You are strong-willed. (Will+)


Message History

Trog accepts your kill.
You hit TarVian's ghost but do no damage.
TarVian's ghost hits you! TarVian's ghost freezes you.
You hit TarVian's ghost but do no damage.
You headbutt TarVian's ghost, but do no damage.
You block TarVian's ghost's attack.
You closely miss TarVian's ghost.
You headbutt TarVian's ghost, but do no damage.
TarVian's ghost hits you but does no damage.
You hit TarVian's ghost but do no damage.
You headbutt TarVian's ghost, but do no damage.
You block TarVian's ghost's attack.
You hit TarVian's ghost but do no damage.
You headbutt TarVian's ghost, but do no damage.
TarVian's ghost hits you!! TarVian's ghost freezes you!
You hit TarVian's ghost.
TarVian's ghost is lightly damaged.
TarVian's ghost hits you but does no damage.
You slash TarVian's ghost!
TarVian's ghost is lightly damaged.
TarVian's ghost hits you but does no damage.
Okay, then.
You hit TarVian's ghost.
TarVian's ghost is lightly damaged.
You block TarVian's ghost's attack.
You completely miss TarVian's ghost.
TarVian's ghost is lightly damaged.
You flicker for a moment.
TarVian's ghost closely misses you.
You slash TarVian's ghost!
TarVian's ghost is moderately damaged.
TarVian's ghost hits you!!
* * * LOW HITPOINT WARNING * * *
TarVian's ghost freezes you!
* * * LOW HITPOINT WARNING * * *
You closely miss TarVian's ghost.
You headbutt TarVian's ghost, but do no damage.
TarVian's ghost is moderately damaged.
TarVian's ghost hits you!
You die...

..##.#..[......########...###....
.....#.........#.........## #....
.#####.........#########..#####..
.#####....8....# ##.......#
.....####...######## ########.#..
.#####.....###.....# #...# #.#..
.##....###...#####.###...# ##.#..
.##.#### ###.#####..##...###.....
.##.# #.>.W@##...........###
.##.# #####.........###....#
.##.# ######....#...###..#.#
.##.# #...<...........#..#.#
###.# ##.####.≈≈≈≈≈≈≈....##.. #.#
##..# #.≈#####≈........ ###[#
#...####.≈#...#≈..#.#### ....#
###...##)≈..∩.#≈.##.## # #####
###..))≈#...#≈.#...# #


You could see TarVian's ghost.

Vanquished Creatures
  The ghost of Hazorath the Brawler, a journeyman TrBe of Trog (Orc:1)
  An orc warlord (D:10)
  Fannar (Orc:1)
  3 ogre magi (Orc:2)
  A hydra (D:9)
  7 two-headed ogres
  The ghost of runemasterragnar the Digger, a novice OpEE of Gozag (D:7)
  An orc knight (Orc:1)
  A queen bee (D:7)
  2 trolls (D:10)
  A shadow (D:8)
  A wyvern (D:10)
  A steam dragon (D:10)
  3 yaks (D:10)
  Grum (D:8)
  3 water moccasins
  2 black bears
  24 orc warriors
  3 sky beasts
  5 ice beasts
  14 centaurs
  4 wolves (D:8)
  A necrophage (D:8)
  15 ogres
  3 phantoms (D:10)
  7 bullfrogs
  A wyvern zombie (D:6)
  3 scorpions
  11 killer bees
  10 wights
  A troll zombie (D:10)
  An electric eel (Orc:2)
  2 bullfrog zombies
  2 hounds
  9 orc priests
  3 centaur skeletons
  5 iguanas
  7 orc wizards
  Natasha (twice) (D:4)
  7 worker ants
  7 ogre zombies (D:10)
  A hound zombie (D:8)
  2 hound skeletons (D:6)
  3 gnolls (D:3)
  11 adders
  7 river rats (Sewer)
  A shadow imp (D:8)
  4 white imps
  2 ufetubi
  2 oozes
  An adder skeleton (D:4)
  An adder zombie (D:8)
  3 worms
  2 dart slugs
  9 leopard geckos
  84 orcs
  7 bats
  4 giant cockroaches
  15 goblins
  12 hobgoblins
  8 jackals
  23 kobolds
  4 quokkas
  7 ball pythons
  6 frilled lizards
  2 goblin skeletons (D:10)
  2 goblin zombies (D:10)
  A hobgoblin skeleton (D:10)
  3 hobgoblin zombies (D:10)
  2 orc skeletons (D:10)
  15 orc zombies (D:10)
  23 rats
445 creatures vanquished.

Vanquished Creatures (collateral kills)
  An ogre mage (Orc:2)
  8 two-headed ogres (Orc:2)
  The ghost of rgaf the Martial Artist, a journeyman OpTm of Cheibriados (D:9)
  An orc warrior (Orc:1)
  10 ogres (Orc:2)
  A killer bee (D:7)
  An orc wizard (Orc:1)
23 creatures vanquished.

Vanquished Creatures (others)
  An ogre (Orc:2)
  2 orcs (Orc:1)
  4 plants
7 creatures vanquished.

Grand Total: 475 creatures vanquished

Notes
Turn   | Place    | Note
-------+----------+-------------------------------------------
     0 | D:1      | ismpop the Minotaur Berserker began the quest for the Orb.
     0 | D:1      | Reached XP level 1. HP: 19/19 MP: 0/0
   166 | D:1      | Reached XP level 2. HP: 27/27 MP: 1/1
   394 | D:1      | Reached skill level 1 in Shields
   928 | D:2      | Found a broken altar of Ashenzari.
   973 | D:2      | Reached XP level 3. HP: 26/33 MP: 2/2
  2118 | D:3      | Gained mutation: Your mind is acute. (Int +2) [potion of
                  | mutation]
  2118 | D:3      | Gained mutation: You are somewhat resistant to further
                  | mutation. [potion of mutation]
  2204 | D:3      | Reached XP level 4. HP: 40/40 MP: 3/3
  2217 | D:3      | Lost mutation: Your mind is acute. (Int +2) [potion of
                  | mutation]
  2217 | D:3      | Lost mutation: You are somewhat resistant to further
                  | mutation. [potion of mutation]
  2217 | D:3      | Gained mutation: You are agile. (Dex +2) [potion of
                  | mutation]
  2217 | D:3      | Gained mutation: You are strong-willed. (Will+) [potion of
                  | mutation]
  2795 | D:3      | Reached ** piety under Trog
  2803 | D:3      | Reached XP level 5. HP: 47/47 MP: 4/4
  3329 | D:3      | Noticed an ice beast
  3351 | D:3      | Killed an ice beast
  3653 | D:3      | Reached skill level 5 in Fighting
  3653 | D:3      | Reached XP level 6. HP: 44/56 MP: 5/5
  3726 | D:3      | Found a sacrificial altar of Ru.
  3776 | D:3      | Reached skill level 5 in Maces & Flails
  4401 | D:4      | Noticed Natasha
  4411 | D:4      | Killed Natasha
  4728 | D:4      | Noticed Robin
  4730 | D:4      | Noticed Natasha
  4732 | D:4      | Reached *** piety under Trog
  4999 | D:4      | Killed Natasha
  5000 | D:4      | Reached XP level 7. HP: 61/61 MP: 6/6
  5028 | D:4      | You fall into a shaft and drop 2 floors!
  5045 | D:6      | Reached skill level 5 in Armour
  5083 | D:6      | Reached skill level 5 in Shields
  5107 | D:6      | Found a staircase to the Ecumenical Temple.
  5127 | D:6      | Reached XP level 8. HP: 53/71 MP: 7/7
  5233 | D:6      | Found a glowing drain.
  5253 | Sewer    | Entered a sewer
  5886 | D:6      | Found an iron altar of Okawaru.
  6631 | D:7      | Reached **** piety under Trog
  7217 | D:7      | Noticed a queen bee
  7218 | D:7      | Found a transporter.
  7222 | D:7      | Noticed runemasterragnar's ghost (novice OpEE)
  7223 | D:7      | Found a transporter.
  7258 | D:7      | Reached XP level 9. HP: 73/79 MP: 8/8
  7519 | D:7      | Reached skill level 5 in Dodging
  7891 | D:7      | Killed a queen bee
  7945 | D:7      | Killed runemasterragnar's ghost
  7946 | D:7      | Reached skill level 1 in Evocations
  8545 | D:8      | Found a hazy altar of Hepliaklqana.
  8771 | D:8      | Reached XP level 10. HP: 90/90 MP: 9/9
  8811 | D:8      | Found a shadowy altar of Dithmenos.
  8908 | D:8      | Found a sparkling altar of Nemelex Xobeh.
  9084 | D:8      | Found a staircase to the Lair.
  9108 | D:8      | Found an ornate altar of the Wu Jian Council.
  9254 | D:8      | Noticed Grum
  9262 | D:8      | Killed Grum
  9448 | D:8      | Found an opulent altar of Gozag.
  9673 | D:9      | Noticed a two-headed ogre
  9685 | D:9      | Killed a two-headed ogre
  9850 | D:9      | Noticed rgaf's ghost (journeyman OpTm)
  9850 | D:9      | Noticed a ten-headed hydra
  9851 | D:9      | Found a runed translucent gate.
  9851 | D:9      | Found a runed translucent gate.
  9851 | D:9      | Found a runed translucent gate.
 10358 | D:9      | Found a snail-covered altar of Cheibriados.
 10751 | D:9      | Killed rgaf's ghost
 10753 | D:9      | Killed a ten-headed hydra
 10811 | D:9      | Got a twisted war axe
 10828 | D:9      | Identified the +2 war axe of Circularity {antimagic, Str+3
                  | Int+2} (You found it on level 9 of the Dungeon)
 10877 | D:10     | Entered Level 10 of the Dungeon
 10955 | D:10     | Found a flagged portal.
 11024 | D:10     | Reached skill level 1 in Axes
 11067 | D:10     | Found a staircase to the Orcish Mines.
 11091 | D:10     | Reached XP level 11. HP: 99/99 MP: 3/10
 11216 | D:10     | Reached ***** piety under Trog
 11283 | Orc:1    | Entered Level 1 of the Orcish Mines
 11283 | Orc:1    | Noticed an orc warlord
 11299 | D:10     | Found a shadowy altar of Dithmenos.
 11398 | D:10     | Reached skill level 10 in Fighting
 11450 | Bailey   | Entered a bailey
 12055 | Bailey   | Received a gift from Trog
 12440 | Bailey   | Got a fine iron ring
 12485 | Bailey   | Identified the ring of the Country {+Blink rF+ MP+9 Slay+4}
                  | (You found it in a bailey)
 13064 | D:10     | Found Siqab's Assorted Antiques.
 13079 | D:10     | Bought a scroll labelled SEQOSO IKHU for 30 gold pieces
 13080 | D:10     | Bought a scroll of magic mapping for 105 gold pieces
 13080 | D:10     | Bought a scroll of fear for 105 gold pieces
 13206 | D:10     | Reached skill level 10 in Armour
 13212 | D:10     | Reached skill level 1 in Throwing
 13390 | D:10     | Killed an orc warlord
 13391 | D:10     | Reached skill level 10 in Shields
 14191 | Orc:1    | Found a runed translucent gate.
 14191 | Orc:1    | Found a runed translucent gate.
 14191 | Orc:1    | Found a runed translucent gate.
 14193 | Orc:1    | Noticed Ciata's ghost (journeyman MiBe)
 14193 | Orc:1    | Noticed TarVian's ghost (journeyman MiFi)
 14194 | Orc:1    | Noticed Hazorath's ghost (journeyman TrBe)
 14198 | Orc:1    | Noticed Fannar
 14199 | Orc:1    | Noticed Xocaf's ghost (journeyman TeBe)
 14199 | Orc:1    | Noticed Rumoabbe's ghost (journeyman DEIE)
 14211 | Orc:1    | Killed Fannar
 14565 | Orc:1    | Noticed an orc knight
 14582 | Orc:1    | Killed an orc knight
 14904 | Orc:2    | Entered Level 2 of the Orcish Mines
 15162 | Orc:2    | Found a roughly hewn altar of Beogh.
 15179 | Orc:2    | Noticed a two-headed ogre
 15179 | Orc:2    | Noticed a two-headed ogre
 15180 | Orc:2    | Noticed an ogre mage
 15181 | Orc:2    | Found Iresik's Assorted Antiques.
 15181 | Orc:2    | Noticed a two-headed ogre
 15181 | Orc:2    | Noticed an ogre mage
 15181 | Orc:2    | Noticed an ogre mage
 15182 | Orc:2    | Noticed a two-headed ogre
 15182 | Orc:2    | Noticed a two-headed ogre
 15182 | Orc:2    | Noticed a two-headed ogre
 15183 | Orc:2    | Noticed an ogre mage
 15183 | Orc:2    | Noticed a two-headed ogre
 15198 | Orc:2    | Killed a two-headed ogre
 15199 | Orc:2    | Reached skill level 5 in Axes
 15201 | Orc:2    | Killed a two-headed ogre
 15202 | Orc:2    | Reached XP level 12. HP: 97/108 MP: 6/11
 15204 | Orc:2    | Killed a two-headed ogre
 15208 | Orc:2    | Killed a two-headed ogre
 15210 | Orc:2    | Killed a two-headed ogre
 15212 | Orc:2    | Noticed a two-headed ogre
 15215 | Orc:2    | Noticed a two-headed ogre
 15220 | Orc:2    | Killed an ogre mage
 15221 | Orc:2    | Killed an ogre mage
 15222 | Orc:2    | Noticed a two-headed ogre
 15222 | Orc:2    | Noticed a two-headed ogre
 15223 | Orc:2    | Killed a two-headed ogre
 15224 | Orc:2    | Noticed a two-headed ogre
 15225 | Orc:2    | Killed a two-headed ogre
 15226 | Orc:2    | Killed a two-headed ogre
 15228 | Orc:2    | Killed a two-headed ogre
 15235 | Orc:2    | Killed a two-headed ogre
 15242 | Orc:2    | Killed an ogre mage
 15245 | Orc:2    | Noticed a two-headed ogre
 15246 | Orc:2    | Killed a two-headed ogre
 15253 | Orc:2    | Killed a two-headed ogre
 15257 | Orc:2    | Killed a two-headed ogre
 15275 | Orc:2    | Killed an ogre mage
 15392 | Orc:2    | Noticed a two-headed ogre
 15418 | Orc:2    | Killed a two-headed ogre
 15546 | Orc:2    | Found a roughly hewn altar of Beogh.
 15747 | Orc:2    | Found a staircase to the Elven Halls.
 15853 | Orc:2    | Found Umes's Jewellery Shoppe.
 15853 | Orc:2    | Found Tueqim's Assorted Antiques.
 15855 | Orc:2    | Found Jeqixeb's Jewellery Shoppe.
 15862 | Orc:2    | Reached skill level 5 in Evocations
 16078 | Orc:2    | Bought a scroll of identify for 50 gold pieces
 16079 | Orc:2    | Bought the ring of Zyun {+Inv rF+ rN+ Int+4} for 592 gold
                  | pieces
 16088 | Orc:2    | Bought a brass wand for 76 gold pieces
 16089 | Orc:2    | Bought an amulet of regeneration for 360 gold pieces
 17407 | Orc:1    | Killed Hazorath's ghost
 17408 | Orc:1    | Reached skill level 10 in Dodging
 17408 | Orc:1    | Reached XP level 13. HP: 57/107 MP: 7/12
 17657 | D:10     | Slain by TarVian's ghost

Illustrated notes

Levels and vault maps discovered:
D:1:      zelgadis_glass_arrival_small, layout_basic
D:2:      wander_river, layout_loops_corners, lemuel_round_altar,
          bh_walls_and_bars
D:3:      layout_loops_ring, nicolae_ru_great_annihilating_truth
D:4:      layout_gridville, grunt_temple_overflow_order_and_chaos_2,
          kiku_gazebo_garden_becter, uniq_duvessa, uniq_natasha, uniq_robin
D:6:      layout_basic, kennysheep_mini_moat, minmay_temple_entry_waves,
          serial_glass, glass_columns_a, glass_columns_a, portal_sewer_entry_f
D:7:      layout_loops_ring, gammafunk_ghost_hive
D:8:      layout_basic, lemuel_crystal_altar, old_standard_altar,
          kennysheep_little_box, nicolae_overflow_crystal_walls,
          amcnicky_mini_pool_small, minmay_misc_feat_diagonals,
          nemelex_spade_bored_becter, uniq_grum
D:9:      layout_loops_ring, slow_altar_2, gammafunk_ghost_hydra_chop,
          grunt_decor_fettered, chequers_mini_garden
D:10:     layout_rooms, zombieorc2_lemuel, serial_shops,
          nicolae_shop_overgrown_old_shop, basic_altar, enter_bailey_3,
          hex_intersection
D:11:     layout_layer_cave, serial_shops, nicolae_shop_overgrown_old_shop,
          minmay_circle_x, uniq_gastronok
Orc:1:    cheibrodos_orc_bank, layout_caves, gammafunk_ghost_cemetery,
          uniq_fannar
Orc:2:    st_orc_ogre_mass, layout_diamond_mine, basic_altar,
          nicolae_orc_flooded_monolith, mines1_david

Skill      XL: |  1  2  3  4  5  6  7  8  9 10 11 12 |
---------------+-------------------------------------+-----
Shields        | 1 2 3 4 5 6 7 9 10 11 | 11.4
Fighting       | 4 5 6 7 8 9 10 11 | 11.9
Maces & Flails | 4 5 6 7 8 9 |  9.6
Armour         | 3 4 5 7 8 9 10 11 | 11.5
Dodging        | 3 4 6 7 8 10 | 10.0
Evocations     | 1 3 4 5 |  5.0
Axes           | 1 5 7 |  7.2
Throwing       | 2 3 |  3.6

Action                   |  1- 3 |  4- 6 |  7- 9 | 10-12 | 13-15 || total
-------------------------+-------+-------+-------+-------+-------++-------
Melee: Mace              |    23 |       |       |       |       ||    23
       Headbutt          |    16 |    35 |    99 |   140 |    10 ||   300
       Whip              |    62 |   192 |   406 |   182 |       ||   842
       War axe           |       |       |       |   493 |    20 ||   513
Invok: Berserk           |     1 |     3 |     5 |    17 |       ||    26
       Trog's Hand       |       |     2 |     7 |    19 |     1 ||    29
       Brothers in Arms  |       |       |     1 |     8 |       ||     9
 Abil: Evoke Blink       |       |       |       |     2 |     1 ||     3
       Evoke Invisibilit |       |       |       |     1 |     1 ||     2
Evoke: Wand              |       |       |       |    19 |       ||    19
  Use: Scroll            |     7 |     1 |    13 |    15 |     1 ||    37
       Potion            |     1 |     1 |     8 |    13 |     1 ||    24
 Stab: Paralysed         |       |     1 |       |     1 |       ||     2
       Distracted        |       |       |       |     1 |       ||     1
Armor: Scale mail        |    44 |    51 |    66 |       |       ||   161
       Animal skin       |     1 |       |       |       |       ||     1
       Chain mail        |       |    17 |       |       |       ||    17
       Plate armour      |       |       |   113 |   298 |    14 ||   425
Dodge: Dodged            |    42 |    78 |   187 |   309 |    12 ||   628
       Repelled          |       |       |       |     2 |       ||     2
Block: Buckler           |    20 |    32 |   104 |   276 |    18 ||   450

Table legend: (Time is in decaauts)
 A = Elapsed time spent in this place.
 B = Non-inter-level travel time spent in this place.
 C = Inter-level travel time spent in this place.
 D = Time resting spent in this place.
 E = Time spent auto-exploring this place.
 F = Levels seen in this place.
 G = Mean time per level.
                   A        B        C        D        E       F      G
               +--------+--------+--------+--------+--------+-----+--------+
         Total |  17784 |  17424 |    360 |   4567 |   6674 |  14 | 1270.3 |
       Dungeon |  12101 |  11851 |    250 |   3012 |   5676 |  10 | 1210.1 |
  Orcish Mines |   3802 |   3693 |    109 |   1045 |    796 |   2 | 1901.0 |
         Sewer |    568 |    568 |      0 |      0 |    107 |   1 |  568.0 |
        Bailey |   1311 |   1311 |      0 |    509 |     94 |   1 | 1311.0 |
               +--------+--------+--------+--------+--------+-----+--------+

Top non-repeatable levels by time:
   Orc:1: 2364 daAuts
     D:3: 2034 daAuts
    D:10: 1820 daAuts
     D:8: 1575 daAuts
   Orc:2: 1438 daAuts
  Bailey: 1311 daAuts
     D:7: 1290 daAuts
     D:2: 1205 daAuts
     D:9: 1190 daAuts
     D:6: 1142 daAuts
     D:1: 930 daAuts
     D:4: 886 daAuts
   Sewer: 568 daAuts
    D:11: 26 daAuts
